 Dungeon Crawl Stone Soup version 0.27-a0-1565-gad902ab807 (webtiles) character file.

Game seed: 16758798921520648900

10596 Swapper the Cleaver (level 11, 0/99 HPs)
             Began as a Minotaur Berserker on July 17, 2021.
             Was a High Priest of Trog.
             Slain by a skeletal warrior (12 damage)
             ... on level 8 of the Dungeon.
             The game lasted 00:42:51 (10578 turns).

Swapper the Cleaver (Minotaur Berserker)           Turns: 10578, Time: 00:42:52

Health: 0/99       AC: 20    Str: 24    XL:     11   Next: 38%
Magic:  10/10      EV: 12    Int:  4    God:    Trog [*****.]
Gold:   660        SH:  6    Dex: 23    Spells: 10/10 levels left

rFire    . . .     SeeInvis .   b - +3 mace "Minotaur's Curse" {venom, rC+ rN+}
rCold    + . .     Faith    .   z - +0 buckler
rNeg     + . .     Spirit   .   m - +1 plate armour
rPois    .         Reflect  .   y - +2 hat
rElec    .         Harm     .   j - +0 cloak
rCorr    .         Rampage  .   (no gloves)
Will     .....                  i - +0 pair of boots
Stlth    ..........             (no amulet)
HPRegen  0.26/turn              t - +6 ring of dexterity
MPRegen  0.12/turn              C - +6 ring of dexterity

@: on berserk cooldown, slowed, very slow
A: horns 2, retaliatory headbutt
a: Renounce Religion, Berserk, Trog's Hand, Brothers in Arms


You were on level 8 of the Dungeon.
You worshipped Trog.
Trog was extremely pleased with you.
You visited 1 branch of the dungeon, and saw 9 of its levels.
You also visited: Ossuary.

You collected 660 gold pieces.

Inventory:

Hand Weapons
 a - a +0 war axe
 b - the +3 mace "Minotaur's Curse" (weapon) {venom, rC+ rN+}
   (You found it on level 5 of the Dungeon)

   It poisons the flesh of those it strikes.
   rC:        It protects you from cold.
   rN:        It protects you from negative energy.
Missiles
 r - 51 poisoned darts (quivered)
Armour
 i - a +0 pair of boots (worn)
 j - a +0 cloak (worn)
 m - a +1 plate armour (worn)
 y - a +2 hat (worn)
 z - a +0 buckler (worn)
Jewellery
 t - a +6 ring of dexterity (left hand)
 C - a +6 ring of dexterity (right hand)
 I - a ring of ice
 L - a ring of protection from cold
 N - a ring of ice
Wands
 h - a wand of polymorph (6)
 D - a wand of flame (8)
 F - a wand of iceblast (34)
 J - a wand of paralysis (9)
Scrolls
 c - a scroll of teleportation
 d - a scroll of brand weapon {unknown}
 e - a scroll of blinking {unknown}
 k - a scroll of silence
 n - 6 scrolls of identify
 o - 2 scrolls of acquirement {unknown}
 q - 5 scrolls of enchant armour
 s - 3 scrolls of amnesia {unknown}
 u - 2 scrolls of fear {unknown}
 x - 3 scrolls of magic mapping
 B - a scroll of fog {unknown}
Potions
 f - 3 potions of might {unknown}
 g - 7 potions of heal wounds {unknown}
 l - 5 potions of lignification {unknown}
 p - 5 potions of curing {unknown}
 v - 3 potions of mutation {unknown}
 w - 2 potions of attraction {unknown}
 A - 3 potions of magic {unknown}
 E - a potion of degeneration {unknown}
 G - 2 potions of berserk rage {unknown}
 H - 2 potions of flight {unknown}
 K - a potion of resistance {unknown}
 M - a potion of invisibility {unknown}


   Skills:
 + Level 9.7 Fighting
 * Level 12.9 Axes
 + Level 9.3 Armour
 + Level 8.5 Dodging
 - Level 4.0 Shields
 - Level 5.0 Evocations


You had 10 spell levels left.
You didn't know any spells.
Your spell library was empty.

Dungeon Overview and Level Annotations

Branches:
Dungeon (9/15)             Temple (0/1) D:4         Ossuary (visited)
   Lair: D:8-11         Orc: D:9-12

Altars:
Ashenzari
Cheibriados
Elyvilon
Fedhas
Makhleb
Qazlal
Ru
Sif Muna
Yredelemnul

Shops:
D:3 :


Innate Abilities, Weirdness & Mutations

You have a pair of horns on your head.
You reflexively headbutt those who attack you in melee.


Message History

The bullfrog misses you. You furiously retaliate!
You headbutt the bullfrog! The bullfrog closely misses you.
You furiously retaliate!
You headbutt the bullfrog!
You kill the bullfrog!
Trog accepts your kill.
You feel the effects of Trog's Hand fading.
The soul eater hits the plant!!
The plant begins to die.
There is an open door here.
The water moccasin bites the plant.
The plant begins to die.
The soul eater hits the plant.
The boulder beetle leaps!
The soul eater disappears in a puff of smoke!
The water moccasin bites the plant!
The plant begins to die.
The plant is poisoned.
The water moccasin poisons the plant!
Your skin stops crawling.
You feel less strong-willed.
Something bites the plant.
There is a stone staircase leading up here.
A nearby plant withers and dies.
The skeletal warrior hits you with a +0 mace!
* * * LOW HITPOINT WARNING * * *
The skeletal warrior hits you with a +0 mace!
* * * LOW HITPOINT WARNING * * *
You climb upwards.
Reactivating autopickup.
There is a stone staircase leading down here.
You sock the skeletal warrior!
The skeletal warrior is lightly damaged.
The skeletal warrior closely misses you.
You furiously retaliate!
You headbutt the skeletal warrior.
Press: ? - help, v - describe, . - travel The floor.
The skeletal warrior barely misses you. The skeletal warrior barely misses you.
You furiously retaliate!
You headbutt the skeletal warrior, but do no damage.
The skeletal warrior hits you with a +0 mace.
* * * LOW HITPOINT WARNING * * *
There is a stone staircase leading up here.
The skeletal warrior completely misses you.
You furiously retaliate!
You headbutt the skeletal warrior.
The skeletal warrior hits you with a +0 mace!
You die...

######
.....#############
####.............#
#############.#
#.#
################.#
............)..#.#
##############.#.#
...###### #.#@#
##......# #)#z#
#######.# #(#.#
#### #.# #..<#
##.## #.# ##..#
#..)###.# #..#
.....##.# #..#
....###.# #..#
.#.## #.# #..#


You could see a skeletal warrior.

Vanquished Creatures
  A boulder beetle (D:9)
  A death knight (D:9)
  A two-headed ogre (D:8)
  Pikel (D:7)
  An orc knight (D:9)
  The ghost of axecop the Insei, a novice DsCK of Xom (D:4)
  A kobold demonologist (D:9)
  A troll (D:9)
  Prince Ribbit (D:9)
  A vampire (D:9)
  2 wyverns (D:9)
  A wraith (D:9)
  Menkaure (D:5)
  2 acid dragons (D:9)
  A water moccasin (D:4)
  Duvessa (D:6)
  10 orc warriors
  2 ice beasts (D:7)
  2 sky beasts (D:5)
  A black bear (D:7)
  4 necrophages (D:9)
  An ogre (D:6)
  3 centaurs
  Blork the orc (D:5)
  A gnoll sergeant (D:9)
  2 kobold brigands (D:9)
  4 bullfrogs
  3 scorpions
  Dowan (D:6)
  A wyvern zombie (D:5)
  A water moccasin skeleton (D:5)
  10 killer bees
  14 wights
  An electric eel (D:6)
  5 centaur zombies (D:9)
  4 quasits (D:4)
  2 bullfrog zombies
  2 hounds
  2 jellies
  3 human zombies (Ossuary)
  Jessica (D:3)
  A centaur skeleton (D:2)
  7 iguanas
  12 orc wizards
  3 killer bee zombies
  2 hound zombies
  5 mummies
  A hound skeleton (D:4)
  4 howler monkey zombies
  9 adders
  9 gnolls
  2 shadow imps
  An ufetubus (D:5)
  An adder zombie (Ossuary)
  4 worms
  A dart slug (D:2)
  33 orcs
  7 ball pythons
  5 bats
  7 endoplasms
  6 giant cockroaches
  9 goblins
  9 hobgoblins
  13 jackals
  17 kobolds
  2 quokkas (D:1)
  2 frilled lizards (D:2)
  2 gnoll zombies (Ossuary)
  A goblin zombie (Ossuary)
  3 kobold zombies (Ossuary)
  7 rats
  A rat zombie (Ossuary)
285 creatures vanquished.

Vanquished Creatures (others)
  5 fungi
  11 plants
  4 withered plants (D:9)
20 creatures vanquished.

Grand Total: 305 creatures vanquished

Notes
Turn   | Place    | Note
-------+----------+-------------------------------------------
     0 | D:1      | Swapper the Minotaur Berserker began the quest for the Orb.
     0 | D:1      | Reached XP level 1. HP: 19/19 MP: 0/0
   312 | D:1      | Reached XP level 2. HP: 27/27 MP: 1/1
   341 | D:1      | Reached skill level 4 in Axes
   555 | D:1      | Found a faded altar of an unknown god.
   578 | D:1      | Reached XP level 3. HP: 28/33 MP: 2/2
  1356 | D:2      | Reached XP level 4. HP: 40/40 MP: 3/3
  1511 | D:2      | Reached ** piety under Trog
  2244 | D:3      | Reached skill level 5 in Axes
  2245 | D:3      | Found Fipuuc's Book Emporium.
  2419 | D:3      | Reached XP level 5. HP: 37/47 MP: 4/4
  2490 | D:3      | Noticed Jessica
  2498 | D:3      | Killed Jessica
  2855 | D:3      | Found a shimmering blue altar of Sif Muna.
  3233 | D:4      | Noticed axecop's ghost (novice DsCK)
  3242 | D:4      | Found a transporter.
  3258 | D:4      | Found a transporter.
  3276 | D:4      | Reached XP level 6. HP: 55/55 MP: 5/5
  3295 | D:4      | Reached skill level 6 in Axes
  3301 | D:4      | Reached skill level 5 in Fighting
  3326 | D:4      | Killed axecop's ghost
  3327 | D:4      | Reached skill level 7 in Axes
  3327 | D:4      | Reached XP level 7. HP: 36/62 MP: 6/6
  3526 | D:4      | Found a staircase to the Ecumenical Temple.
  3563 | D:4      | Reached skill level 5 in Armour
  4059 | D:4      | Reached XP level 8. HP: 46/70 MP: 7/7
  4219 | D:4      | Reached *** piety under Trog
  4231 | D:4      | Reached skill level 8 in Axes
  4231 | D:4      | Reached skill level 5 in Dodging
  4514 | D:5      | Entered Level 5 of the Dungeon
  4559 | D:5      | Identified the +3 mace "Minotaur's Curse" {venom, rC+ rN+}
  4592 | D:5      | Noticed Menkaure
  4599 | D:5      | Killed Menkaure
  4852 | D:5      | Reached skill level 9 in Axes
  5059 | D:5      | Found a blossoming altar of Fedhas.
  5059 | D:5      | Found a stormy altar of Qazlal.
  5270 | D:5      | Reached XP level 9. HP: 79/79 MP: 8/8
  5610 | D:5      | Noticed Blork the orc
  5618 | D:5      | Killed Blork the orc
  5841 | D:6      | Reached skill level 10 in Axes
  5844 | D:6      | Found a basalt altar of Yredelemnul.
  5904 | D:6      | Reached **** piety under Trog
  6246 | D:6      | Found a sacrificial altar of Ru.
  6365 | D:6      | Identified the +0 chain mail of Pan-Flutes {rN+}
  6423 | D:6      | Noticed Duvessa
  6423 | D:6      | Noticed Dowan
  6431 | D:6      | Killed Duvessa
  6435 | D:6      | Killed Dowan
  6894 | D:6      | Found a white marble altar of Elyvilon.
  7159 | D:7      | Found a sand-covered staircase.
  7164 | Ossuary  | Entered an ossuary
  7531 | D:7      | Noticed Pikel
  7540 | D:7      | Killed Pikel
  7541 | D:7      | Reached skill level 11 in Axes
  7626 | D:7      | Reached XP level 10. HP: 90/90 MP: 9/9
  7865 | D:7      | Identified the +1 long sword of Wondrous Power {venom,
                  | Dex+4}
  8177 | D:8      | Noticed a two-headed ogre
  8184 | D:8      | Killed a two-headed ogre
  8542 | D:8      | Found the +8 frozen axe "Frostbite" {freezing cloud, *Noise
                  | Fly rC+}
  8744 | D:8      | Found a broken altar of Ashenzari.
  9023 | D:9      | Reached skill level 1 in Shields
  9124 | D:9      | Reached skill level 5 in Evocations
  9259 | D:9      | Reached ***** piety under Trog
  9451 | D:9      | Found a snail-covered altar of Cheibriados.
  9452 | D:9      | Found a burning altar of Makhleb.
  9879 | D:9      | Noticed Prince Ribbit
  9900 | D:9      | Killed Prince Ribbit
  9900 | D:9      | Received a gift from Trog
  9901 | D:9      | Reached skill level 12 in Axes
  9917 | D:9      | Noticed a seven-headed hydra
 10155 | D:9      | Reached XP level 11. HP: 97/97 MP: 10/10
 10527 | D:9      | Noticed an orc knight
 10528 | D:9      | Noticed a boulder beetle
 10529 | D:9      | Noticed a death knight
 10534 | D:9      | Noticed a skeletal warrior
 10535 | D:9      | Noticed a boulder beetle
 10540 | D:9      | Killed an orc knight
 10546 | D:9      | Killed a boulder beetle
 10552 | D:9      | Noticed a soul eater
 10557 | D:9      | Killed a death knight
 10578 | D:8      | Slain by a skeletal warrior

Illustrated notes

Levels and vault maps discovered:
D:1:      dpeg_arrival_tiny_i, layout_loops_ring,
          shapermc_ecumenical_altar_starsandcircs, patterned_corridor
D:2:      layout_basic
D:3:      layout_loops_ring, tgw_sif, serial_shops, nicolae_lakefront_shop,
          item_on_display_b
D:4:      minmay_thinvault, layout_cave_pools,
          minmay_temple_entry_statues_pillars, gammafunk_ghost_stat_death,
          hangedman_abyss_or_decor_stagger, minmay_manual_mess
D:5:      layout_layer_cave, grunt_temple_overflow_forces_of_nature,
          minmay_a_box_with_orc_wizards_in_it, uniq_menkaure, uniq_blork_the_orc
D:6:      corexii_shantytown, layout_loops_ring, nicolae_elyvilon_temple_path,
          lemuel_zombie_altar_yredelemnul, mainiacjoe_overflow_cross_hatched,
          uniq_duvessa
D:7:      layout_loops_ring, enter_ossuary_2, chequers_mini_garden, uniq_pikel
D:8:      layout_loops_ring, mainiacjoe_overflow_alcove_4
D:9:      nzn_winding_woodlands_stair_cross [nzn_winding_woodlands_5x15_jagged,
          nzn_winding_woodlands_center_lodge, nzn_winding_woodlands_5x15_cabin,
          nzn_winding_woodlands_5x5_default, nzn_winding_woodlands_5x5_three,
          nzn_winding_woodlands_5x15_garden,
          nzn_winding_woodlands_center_pierced_h,
          nzn_winding_woodlands_5x15_longhouse], layout_irregular_city,
          minitemple, serial_undead, serial_undead_d, serial_undead_d,
          serial_undead_a, serial_undead_f, serial_undead_a, serial_undead_b,
          lightli_corner_chamber, uniq_prince_ribbit1

Skill      XL: |  1  2  3  4  5  6  7  8  9 10 11 |
---------------+----------------------------------+-----
Axes           | 4 5 7 9 11 12 | 12.9
Fighting       | 4 5 6 7 8 9 |  9.7
Armour         | 3 4 5 6 8 9 |  9.3
Dodging        | 3 4 6 7 8 |  8.5
Evocations     | 5 |  5.0
Shields        | 4 |  4.0

Action                   |  1- 3 |  4- 6 |  7- 9 | 10-12 || total
-------------------------+-------+-------+-------+-------++-------
Melee: Hand axe          |    53 |    61 |       |       ||   114
       Headbutt          |     5 |    18 |    79 |    95 ||   197
       War axe           |       |    55 |    97 |       ||   152
       Mace              |       |       |   241 |   254 ||   495
Throw: Dart              |       |       |     4 |       ||     4
Invok: Berserk           |     2 |     5 |     9 |     9 ||    25
       Trog's Hand       |       |     2 |     3 |     1 ||     6
  Use: Scroll            |       |       |     6 |       ||     6
 Stab: Distracted        |       |       |       |     1 ||     1
Armor: Animal skin       |    10 |       |       |       ||    10
       Ring mail         |     5 |       |       |       ||     5
       Plate armour      |       |   136 |   242 |   111 ||   489
Dodge: Dodged            |    41 |    71 |   162 |   101 ||   375
Block: Buckler           |     1 |     9 |    67 |    64 ||   141

Table legend: (Time is in decaauts)
 A = Elapsed time spent in this place.
 B = Non-inter-level travel time spent in this place.
 C = Inter-level travel time spent in this place.
 D = Time resting spent in this place.
 E = Time spent auto-exploring this place.
 F = Levels seen in this place.
 G = Mean time per level.
                   A        B        C        D        E       F      G
               +--------+--------+--------+--------+--------+-----+--------+
         Total |  10893 |  10322 |    571 |   1591 |   6316 |  10 | 1089.3 |
       Dungeon |  10627 |  10056 |    571 |   1565 |   6316 |   9 | 1180.8 |
       Ossuary |    265 |    265 |      0 |     26 |      0 |   1 |  265.0 |
               +--------+--------+--------+--------+--------+-----+--------+

Top non-repeatable levels by time:
     D:9: 1607 daAuts
     D:4: 1531 daAuts
     D:5: 1353 daAuts
     D:6: 1311 daAuts
     D:2: 1163 daAuts
     D:1: 969 daAuts
     D:3: 969 daAuts
     D:8: 895 daAuts
     D:7: 825 daAuts
 Ossuary: 265 daAuts
